 Dungeon Crawl Stone Soup version 0.30.0-10-gfe55d96785 (webtiles) character file.

Game seed: 6561377899506850004

32 NateTC the Ruffian (level 3, 0/28 HPs)
             Began as a Draconian Transmuter on May 14, 2023.
             Slain by Terence
             ... wielding a +0 mace
              (4 damage)
             ... on level 2 of the Dungeon.
             The game lasted 00:04:09 (954 turns).

NateTC the Ruffian (Draconian Transmuter)            Turns: 954, Time: 00:04:10

Health: 0/28       AC:  5    Str: 14    XL:     3   Next: 8%
Magic:  5/6        EV: 12    Int: 13    God:
Gold:   25         SH:  0    Dex: 11    Spells: 3/6 levels left

rFire   . .          .
                       - Unarmed
rCold   . . .        (no shield)
rNeg    . . .        (body armour unavailable)
rPois   +            (helmet currently unavailable)
rElec   .            (no cloak)
rCorr   .            (no gloves)
SInv    .            (boots currently unavailable)
Will    .....        (no amulet)
Stlth   +            f - ring of poison resistance
HPRegen 0.24/turn    (no ring)
MPRegen 0.10/turn

%: no passive effects
@: appendages
A: horns 2, talons 2, AC +5, unfitting armour, cold-blooded
a: End Transformation


You were on level 2 of the Dungeon.
You had temporarily grown beastly horns and talons.
You visited 1 branch of the dungeon, and saw 2 of its levels.

You collected 25 gold pieces.

Inventory:

Jewellery
 f - a ring of poison resistance (left hand)
Scrolls
 b - a scroll of poison {unknown}
 e - a scroll of identify {unknown}
 g - 2 scrolls of enchant weapon
Potions
 a - a potion of lignification
 c - a potion of cancellation {unknown}
 d - a potion of attraction {unknown}


   Skills:
 - Level 1.4 Fighting
 - Level 1.7 Dodging
 - Level 3.1 Unarmed Combat
 + Level 2.4 Spellcasting
 * Level 2.9 Transmutations


You had 3 spell levels left.
You knew the following spells:

 Your Spells              Type           Power      Damage    Failure   Level
a - Beastly Appendage     Tmut           18%        N/A       8%          1
b - Wereblood             Tmut           9%         N/A       11%         2

Your spell library contained the following spells:

 Spells                   Type           Power      Damage    Failure   Level
 Apportation              Tloc           2%         N/A       24%         1
 Spider Form              Tmut/Pois      5%         N/A       36%         3
 Ice Form                 Ice/Tmut       5%         N/A       78%         4
 Alistair's Intoxication  Tmut/Pois      3%         N/A       98%         5


Dungeon Overview and Level Annotations

Branches:
Dungeon (2/15) Zot: 11048

Altars:

Annotations:
D:2 Terence


Innate Abilities, Weirdness & Mutations

You have temporarily grown beastly horns and talons.
Your plain brown scales are hard. (AC +5)
You cannot fit into any form of body armour.
You are cold-blooded and may be slowed by cold attacks.


Message History

You see here a quokka corpse.
Found 3 scrolls labelled RENIOG WEQAQA.
e - a scroll labelled JIS REASUCW Your horns disappear.
Your talons disappear.
g - 3 scrolls labelled RENIOG WEQAQA Terence the Incautious comes into view.
He is wielding a +0 mace and carrying a wand of roots (5).
Terence shouts!
Terence zaps a wand.
The roots erupt in riotous growth!
The grasping roots grab you! The grasping roots constrict you.
A frilled lizard comes into view.
You hear a shout!
Casting: Beastly Appendage (safe; 8% risk of failure)
Confirm with . or Enter, or press ? or * to list all spells.
You grow a pair of large bovine horns.
Your feet morph into talons.
The grasping roots constrict you.
You escape the roots grasp.
Terence misses you.
You barely miss Terence. Your kick misses Terence.
You punch Terence, but do no damage.
Terence zaps a wand.
The roots erupt in riotous growth!
The grasping roots grab you!
Terence is unaffected.
The grasping roots constrict you.
You hear an angry hiss.
You hit Terence.
Terence is moderately wounded.
Terence hits you with a +0 mace! The grasping roots constrict you.
You closely miss Terence. You claw Terence.
Terence is heavily wounded.
Terence hits you with a +0 mace.
* * * LOW HITPOINT WARNING * * *
The grasping roots constrict you.
* * * LOW HITPOINT WARNING * * *
The grasping roots release their grip on you.
Really quaff the potion of lignification?
Okay, then.
As you read the scroll labelled RENIOG WEQAQA, it crumbles to dust.
It is a scroll of enchant weapon.
You aren't carrying any weapons that can be enchanted.
Terence hits you with a +0 mace.
You die...

..................#
#.................#
..................#
#.................#
#.#######.......###
#.# #.......# #.#
#.......#
#.......####+#+#
#.......@l......
#.......@.......
#######.........
#.........
#.........
#.........
##........
#........


You could see Terence and a frilled lizard.

Vanquished Creatures
  4 endoplasms
  3 giant cockroaches
  5 goblins (D:1)
  A hobgoblin (D:1)
  3 quokkas
  4 ball pythons (D:1)
  5 frilled lizards
  5 rats
30 creatures vanquished.

Notes
Turn   | Place    | Note
-------+----------+-------------------------------------------
     0 | D:1      | NateTC the Draconian Transmuter began the quest for the
                  | Orb.
     0 | D:1      | Reached XP level 1. HP: 16/16 MP: 3/3
   262 | D:1      | Reached XP level 2. HP: 23/23 MP: 3/5
   289 | D:1      | Learned a level 2 spell: Wereblood
   862 | D:2      | Reached XP level 3. HP: 26/28 MP: 3/6
   946 | D:2      | Noticed Terence
   954 | D:2      | Slain by Terence

Illustrated notes

Levels and vault maps discovered:
D:1:      nzn_arrival_depleted_hourglass, layout_basic
D:2:      layout_basic, basic_altar, st_stairs_12, hangedman_feature_mirror,
          uniq_terence

Action                     || total
---------------------------++-------
  Melee: Unarmed           ||    57
         Kick              ||    13
         Headbutt          ||     5
         Tailslap          ||     4
         Punch             ||     1
   Cast: Beastly Appendage ||    15
    Use: Scroll            ||     4
 Armour: Skin              ||    13
  Dodge: Dodged            ||    23
